[Event "*** Titled Tuesday 3|2 Blitz"]
[Site "Chess.com"]
[Date "2016.09.06"]
[Round "3"]
[White "Maitreia"]
[Black "ZapataCharlesS"]
[Result "0-1"]
[WhiteElo "2409"]
[BlackElo "2595"]
[TimeControl "180+2"]
[EndTime "11:34:17 PDT"]
[Termination "ZapataCharlesS won by resignation"]

1. c4 e5 2. g3 f5 3. Bg2 Nf6 4. d3 d6 5. Nc3 Be7 6. Nf3 O-O 7. O-O h6 8. e3 g5 9. Rb1 a5 10. a3 Qe8 11. b4 axb4 12. axb4 Qh5 13. Nd2 Qg6 14. Nd5 Nxd5 15. Bxd5+ Kh7 16. f4 exf4 17.
exf4 gxf4 18. Rxf4 Bg5 19. Nf3 Bxf4 20. Bxf4 Nd7 21.
Nh4 Qg4 22. Qxg4 fxg4 23. Be4+ Kg8 24. Bxh6 Re8 25. Rf1 Ne5 26. Nf5 Bxf5 27. Rxf5 Ra1+ 28. Kf2 Ra2+ 29. Ke3 Rxh2 30. Rg5+ Kf7 31. Rg7+ Kf6 32. Rh7 Rh3 33. Kf4 Rg8 34. d4 Nf7 35. Rxf7+ Kxf7 36. Bd5+ Kf6 37. Bxg8 Rxh6 38. b5 Rh1 39. Bd5 Rc1 40. Kxg4 c6 41. bxc6 bxc6 42. Bg8 Rd1 43. d5 Rd4+ 44. Kh5 Rxc4 45. g4 c5 46. g5+ Kg7 47. Be6 Rf4 48. g6 c4 49. Kg5 Rf6 50. Bf5 c3 0-1

[Event "*** Titled Tuesday 3|2 Blitz"]
[Site "Chess.com"]
[Date "2016.09.06"]
[Round "3"]
[White "AnastasiaProtopopova"]
[Black "nonscitis"]
[Result "0-1"]
[WhiteElo "2077"]
[BlackElo "2346"]
[TimeControl "180+2"]
[EndTime "11:34:20 PDT"]
[Termination "nonscitis won on time"]

1. d4 d5 2. c4 c6 3. Nf3 dxc4 4. e3 Be6 5. a4 Nf6 6. Na3 c5 7. Nxc4 Nc6 8. Nce5 cxd4 9. Nxc6 bxc6 10. exd4 Bd5 11. Be2 e6 12. O-O Be7 13. h3 O-O 14. Be3 Rb8 15.
Qc2 Be4 16. Qc1 Nd5 17. Ne5 Nxe3 18. fxe3 Rc8 19. Rf4 f5 20. Bc4 Bd5 21. Qc3 c5 22. Bxd5 Qxd5 23. Nf3 g5 24. Nxg5 Bxg5 25. Rf3 cxd4 26.
Qxd4 Qxd4 27. exd4 Bf6 28. d5 exd5 29. Rd1 Rcd8 30.
Kh2 Bxb2 31. Rg3+ Kh8 32. Rb3 Be5+ 33. g3 f4 34. gxf4 Bxf4+ 35. Kg2 d4 36. Rdd3 Rg8+ 37. Kf3 Be3 38. Rb7 Rg7 39. Rb5 Re7 40. Rf5 Kg7 0-1

[Event "*** Titled Tuesday 3|2 Blitz"]
[Site "Chess.com"]
[Date "2016.09.06"]
[Round "3"]
[White "Alexander_Donchenko"]
[Black "DanielNaroditsky"]
[Result "0-1"]
[WhiteElo "2500"]
[BlackElo "2765"]
[TimeControl "180+2"]
[EndTime "11:34:31 PDT"]
[Termination "DanielNaroditsky won by resignation"]

1. c4 e5 2. g3 Bc5 3. Bg2 Nc6 4.
Nc3 d6 5. Nf3 a6 6. d3 Nge7 7.
a3 Ba7 8. O-O h5 9. e3 Ng6 10. d4 h4 11. b4 hxg3 12. fxg3 Bg4 13. c5 d5 14. Qb3 Be6 15. Bb2 e4 16. Nd2 Qg5 17. Rfe1 Nxd4 18. exd4 Qxd2 19. Rad1 Qh6 20. h4 c6 21. Bc1 Qh5 22. Ne2 Bb8 23. Be3 Nxh4 24.
gxh4 Qxh4 25. Bf2 Qh2+ 26. Kf1 Bh3 27. Bxh3 Rxh3 28. Qc2 Qh1+ 29. Ng1 Rh2 30. Re2 Qg2+ 31. Ke1 Bg3 32. Bxg3 Qxg1+ 33. Kd2 Rxe2+ 34. Kxe2 Qxg3 35. Rf1 O-O-O 36. Rxf7 Rh8 37. Rf2 Qxf2+ 0-1

[Event "*** Titled Tuesday 3|2 Blitz"]
[Site "Chess.com"]
[Date "2016.09.06"]
[Round "3"]
[White "Iuri_Shkuro"]
[Black "FairChess_on_YouTube"]
[Result "0-1"]
[WhiteElo "2490"]
[BlackElo "2711"]
[TimeControl "180+2"]
[EndTime "11:34:31 PDT"]
[Termination "FairChess_on_YouTube won by resignation"]

1. Nc3 d5 2. Nf3 Nf6 3. d3 Nc6 4. g3 e5 5. Bg2 h6 6. O-O Bb4 7.
a3 Bxc3 8. bxc3 O-O 9. Rb1 b6 10. c4 Be6 11. cxd5 Bxd5 12. c4 Bxf3 13. Bxf3 Qd7 14.
Bb2 Rfe8 15. Bg2 Rad8 16. c5 Nd4 17. Rc1 Qe7 18. e3 Ne6 19. cxb6 axb6 20. Bxe5 Qxa3 21. Bxf6 gxf6 22. d4 Qf8 23. Qf3 Qg7 24. h4 c5 25.
d5 Nc7 26. Rfd1 Nb5 27. Qe2 Nd6 28. Qa6 Rb8 29. Qa7 c4 30. Qc7 Qf8 31. Rd4 Qe7 32.
Rg4+ Kh8 33. Qc6 Rec8 34. Qa4 b5 35. Qb4 Qe5 36. Rf4 Ra8 37. e4 Ra1 38. Rxa1 Qxa1+ 39. Kh2 Qe5 40. Rg4 c3 41. f4 Qe7 42. e5 fxe5 43.
fxe5 Qxe5 44. Rf4 c2 45. Bh3 Qe2+ 0-1

[Event "*** Titled Tuesday 3|2 Blitz"]
[Site "Chess.com"]
[Date "2016.09.06"]
[Round "3"]
[White "severomorskij"]
[Black "jb2mix"]
[Result "1-0"]
[WhiteElo "2596"]
[BlackElo "2419"]
[TimeControl "180+2"]
[EndTime "11:34:56 PDT"]
[Termination "severomorskij won by resignation"]

1. d4 Nf6 2. Bg5 d5 3. Nd2 c6 4.
e3 Bg4 5. Ngf3 Nbd7 6. h3 Bh5 7. g4 Bg6 8. Ne5 e6 9. Bg2 Be7 10. Nxg6 hxg6 11. Bf4 Qb6 12. Rb1 c5 13. c3 Qa6 14.
a3 Rc8 15. Qe2 Qxe2+ 16. Kxe2 Nb6 17. Rhc1 Kd7 18. dxc5 Bxc5 19. c4 Bd6 20. Bxd6 Kxd6 21. b4 Nxc4 22. Nxc4+ dxc4 23. Bxb7 Rc7 24. Bg2 Nd5 25.
Rd1 Ke7 26. Bxd5 exd5 27. Rxd5 Rxh3 28. Rc1 Rh4 29. Rd4 c3 30. Kd3 Rh2 31. Rc2 Rg2 32.
a4 g5 33. b5 g6 34. Rxc3 Rxc3+ 35. Kxc3 Rxf2 36. a5 Ra2 37. b6 axb6 38. axb6 Ra8 39. Kb4 f5 40. Kb5 Ke6 41. b7 Rh8 42. Rc4 Rb8 43.
Kb6 fxg4 44. Rxg4 Kf5 45. Rg1 Rh8 46. Ka7 Rh2 47. b8=Q Ra2+ 48. Kb7 Rb2+ 49. Kc8 Rxb8+ 50. Kxb8 1-0

[Event "*** Titled Tuesday 3|2 Blitz"]
[Site "Chess.com"]
[Date "2016.09.06"]
[Round "3"]
[White "Gabrielian_Artur"]
[Black "Tesla37"]
[Result "0-1"]
[WhiteElo "2514"]
[BlackElo "2602"]
[TimeControl "180+2"]
[EndTime "11:35:04 PDT"]
[Termination "Tesla37 won by resignation"]

1. e4 c5 2. Nf3 e6 3. d4 cxd4 4. Nxd4 Nc6 5. Nc3 a6 6. Be3 Qc7 7. Bd3 Nf6 8. O-O h5 9. h3 Bd6 10. Nxc6 dxc6 11. Qf3 Ng4 12. Rfd1 Bh2+ 13. Kf1 Nxe3+ 14.
Qxe3 Be5 15. Rab1 c5 16. Qf3 b5 17. a3 Bb7 18. Be2 g6 19. Na2 O-O 20. c4 Bc6 21. cxb5 axb5 22. Nc1 c4 23. Na2 Rfd8 24. Nc3 Qa5 25. Qe3 Rxd1+ 26. Rxd1 Bxc3 27. bxc3 Qxa3 28. Bxh5 gxh5 29. Qg5+ Kf8 30. Qxh5 Ke8 31. Qh8+ Qf8 32. Qe5 Rd8 33. Ra1 Qd6 34. Qh8+ Kd7 35. Qh4 Kc7 36.
Kg1 Ra8 37. Rf1 b4 38. cxb4 c3 39. Qf6 Qxb4 40. Qxf7+ Kb6 41. Qxe6 c2 42. Qh6 Qc3 43. Qc1 Rd8 44. e5 Bb5 45. Qg5 Rd1 46. Qh6+ Ka5 0-1

[Event "*** Titled Tuesday 3|2 Blitz"]
[Site "Chess.com"]
[Date "2016.09.06"]
[Round "3"]
[White "ruifeng"]
[Black "Baggio95"]
[Result "1/2-1/2"]
[WhiteElo "2336"]
[BlackElo "2330"]
[TimeControl "180+2"]
[EndTime "11:35:07 PDT"]
[Termination "Game drawn by agreement"]

1. e4 e5 2. Nf3 Nc6 3. Bb5 a6 4. Ba4 Nge7 5. c3 g6 6. d4 exd4 7. cxd4 b5 8. Bb3 Bg7 9. O-O O-O 10. Nc3 Na5 11. Bc2 d6 12. h3 c5 13. Ne2 Bb7 14.
Rb1 Rc8 15. b3 c4 16. Bg5 h6 17. Be3 Qc7 18. b4 Nac6 19. Nc3 Qd7 20. Qd2 Kh7 21. d5 Ne5 22. Nd4 Qc7 23. f4 Nd3 24. Bxd3 cxd3 25. Rfc1 Qd7 26. Qxd3 Rc4 27. Nce2 Rfc8 28.
Rxc4 bxc4 29. Qc2 f5 30. Ne6 fxe4 31. Nxg7 Kxg7 32. Qxe4 Nxd5 33. Bd4+ Kh7 34. Qc2 Qf5 35. Qxf5 gxf5 36. g3 Re8 37. Kf2 Kg6 38. Nc3 Nxc3 39. Bxc3 Be4 40. Rd1 Bd3 41. Re1 Rxe1 42. Bxe1 Kf7 43.
Bc3 h5 44. Ke3 Bf1 45. Kd4 Ke6 46. a4 Bxh3 47. Kxc4 Bf1+ 48. Kd4 Be2 49. Bd2 Bf1 50. Be3 Be2 51. Bc1 Kd7 52. Bd2 1/2-1/2

[Event "*** Titled Tuesday 3|2 Blitz"]
[Site "Chess.com"]
[Date "2016.09.06"]
[Round "3"]
[White "Mastervlad8"]
[Black "Rating-Schmating"]
[Result "1-0"]
[WhiteElo "2119"]
[BlackElo "2216"]
[TimeControl "180+2"]
[EndTime "11:35:11 PDT"]
[Termination "Mastervlad8 won by resignation"]

1. e4 e6 2. d4 d5 3. Nd2 a6 4.
Ngf3 Nf6 5. e5 Nfd7 6. Bd3 c5 7. c3 Nc6 8. O-O g5 9. dxc5 g4 10. Nd4 Ncxe5 11. Bc2 Bxc5 12. N2b3 Bd6 13. Re1 Qh4 14. g3 Qh5 15. Bf4 Nf3+ 16. Nxf3 Bxf4 17. Qd4 e5 18. Qxd5 gxf3 19. Bd1 Nf6 20. Qxf3 Qxf3 21. Bxf3 Rg8 22. Kf1 Bh3+ 23. Kg1 Kf8 24. Kh1 Bh6 25. Rxe5 Re8 26. Rxe8+ Kxe8 27. Bxb7 Ng4 28. Kg1 Kd7 29. Bxa6 Kc6 30. a4 Rd8 31. Bb5+ Kb6 32. Nd4 Bg7 33. a5+ Kc7 34. a6 Bxd4 35. cxd4 Kb6 36. Be2 Ka7 37. b4 Rxd4 38. b5 Rb4 39. Rc1 Ne5 40. Rc7+ Kb6 41.
Rb7+ Kc5 42. f4 Nd7 43. a7 Ra4 44. Rc7+ Kd6 45. Rc6+ Ke7 46. Ra6 Rxa6 47. bxa6 Nb6 48. Bf3 Bc8 49. a8=Q Nxa8 50. Bxa8 Bxa6 51. Bf3 Kf6 52.
Kg2 Bc8 53. h3 h6 54. g4 Kg6 55. Kg3 f6 56. h4 Bd7 57. f5+ Kg7 58. Kf4 Kf7 59.
Bd5+ Ke7 60. Ke4 Kd6 61. Bc4 Bc6+ 62. Kf4 Be8 63. Be6 Kc5 64. g5 hxg5+ 65. hxg5 fxg5+ 66. Kxg5 Kd6 67. Kf6 Bh5 68. Kg7 Ke7 69. Bd5 Be8 70.
f6+ Kd6 71. Bf7 Bd7 72. Bb3 Be8 73. Bf7 Bd7 74. Bg6 Be6 75. Bf5 Bd5 76. Bh7 Ke5 77. Bg6 Kd6 78. Bf7 Be4 79. Bc4 Bg6 80. Kxg6 1-0

[Event "*** Titled Tuesday 3|2 Blitz"]
[Site "Chess.com"]
[Date "2016.09.06"]
[Round "3"]
[White "Abdodi"]
[Black "Polemistis"]
[Result "1-0"]
[WhiteElo "1942"]
[BlackElo "1816"]
[TimeControl "180+2"]
[EndTime "11:35:27 PDT"]
[Termination "Abdodi won by resignation"]

1. d4 Nf6 2. Nf3 e6 3. c4 Bb4+ 4. Bd2 Qe7 5. g3 Nc6 6. Nc3 O-O 7. Bg2 Bxc3 8. Bxc3 Ne4 9. Rc1 d6 10. O-O Nxc3 11.
Rxc3 e5 12. d5 Nb8 13. b4 a5 14. a3 Na6 15. Qb3 Bd7 16. Rfc1 b6 17. Nd2 f5 18. Qb1 Rfb8 19. e4 Rf8 20. exf5 Bxf5 21. Qb3 Qd7 22. Ne4 Bh3 23. Bh1 Qe7 24. c5 axb4 25. cxd6 cxd6 26. axb4 Bd7 27. Ra1 Nc5 28. Qb1 Rxa1 29. Qxa1 Nxe4 30. Bxe4 Bf5 31. Bxf5 Rxf5 32. Rc8+ Rf8 33.
Qa8 Qf7 34. Rxf8+ Qxf8 35. Qc6 Qd8 36. Kf1 Kf7 37. Ke2 Kf6 38. Kd3 Kf5 39. Kc4 Ke4 40. Kb5 Kf3 41. Qxb6 Qxb6+ 42. Kxb6 Kxf2 43. Kc7 e4 44. b5 e3 45. b6 e2 46. b7 e1=Q 47. b8=Q Qe7+ 48. Kc6 Kg2 49. Qxd6 Qe1 50. g4 Qc3+ 51. Kd7 Qf3 52. Qg3+ Qxg3 53. hxg3 Kxg3 54. Ke6 Kxg4 55. d6 h5 56. d7 h4 57. d8=Q h3 58.
Qd1+ Kg3 59. Qg1+ Kf3 60. Kf5 g6+ 61. Kxg6 1-0

[Event "*** Titled Tuesday 3|2 Blitz"]
[Site "Chess.com"]
[Date "2016.09.06"]
[Round "3"]
[White "wonderfultime"]
[Black "andretta"]
[Result "1-0"]
[WhiteElo "2656"]
[BlackElo "2269"]
[TimeControl "180+2"]
[EndTime "11:35:29 PDT"]
[Termination "wonderfultime won by resignation"]

1. d4 d5 2. c4 dxc4 3. e3 e5 4. Bxc4 exd4 5. exd4 Nf6 6. Nf3 Bd6 7. O-O O-O 8. h3 h6 9. Nc3 Nc6 10. a3 Bf5 11.
Re1 Re8 12. Be3 Qd7 13. Bf1 a6 14. Rc1 Ne7 15. Ne5 Bxe5 16. dxe5 Nfd5 17. Nxd5 Nxd5 18. Bd4 Be6 19. Qf3 c6 20. Rcd1 Qe7 21. Bd3 Qg5 22. Be4 Rad8 23. b4 Ne7 24. Be3 Rxd1 25. Qxd1 Qh4 26.
Bc2 Nf5 27. Bb6 Qg5 28. Qd3 Bd5 29. g3 g6 30. Kh2 h5 31. f4 Qe7 32. Qe2 Qe6 33.
Qf2 Bb3 34. Bb1 Qd7 35. Re2 Bd5 36. Rd2 Qe6 37. Bc2 Re7 38. Bd1 Rd7 39. a4 Be4 40. g4 Rxd2 41. Qxd2 hxg4 42. hxg4 Nh6 43. Kg3 Bf5 44. gxf5 Nxf5+ 45. Kh2 g5 46. Qd8+ Kh7 47. Qxg5 Qa2+ 48. Qg2 1-0

[Event "*** Titled Tuesday 3|2 Blitz"]
[Site "Chess.com"]
[Date "2016.09.06"]
[Round "3"]
[White "SCIM"]
[Black "Makalexa"]
[Result "1-0"]
[WhiteElo "2262"]
[BlackElo "2170"]
[TimeControl "180+2"]
[EndTime "11:35:34 PDT"]
[Termination "SCIM won by resignation"]

1. d4 Nf6 2. c4 g6 3. Nc3 Bg7 4. e4 d6 5. f3 Nc6 6. Be3 e5 7. Nge2 exd4 8. Nxd4 O-O 9. Be2 Nd7 10. O-O Qf6 11. Nd5 Qd8 12. Rc1 Nxd4 13. Bxd4 c6 14. Bxg7 Kxg7 15. Qd4+ Kg8 16. Ne3 Qf6 17. Qxf6 Nxf6 18.
Rfd1 Rd8 19. e5 Ne8 20. c5 d5 21. Nc4 Be6 22. Na5 Rd7 23. Rd3 Rad8 24. Rd4 Rc7 25.
b4 Ng7 26. g4 h5 27. h3 hxg4 28.
hxg4 Bc8 29. Nc4 Ne6 30. Rcd1 Nxd4 31. Rxd4 Kg7 32. Nd6 b6 33. f4 f6 34. exf6+ Kxf6 35. Kf2 bxc5 36. bxc5 Rcd7 37. g5+ Kg7 38. Ra4 Re7 39. Bd3 Be6 40. Ra6 Bc8 41. Rxc6 Bg4 42. a4 Bd1 43. a5 Ba4 44. Ra6 Be8 45. f5 Re5 46. Nxe8+ Rdxe8 47. Rxa7+ Kf8 48. a6 gxf5 49. Rh7 f4 50. a7 Re3 51. g6 Rxd3 52. Rh8+ Kg7 53.
Rxe8 Rd2+ 54. Kf3 Ra2 55. a8=Q 1-0

[Event "*** Titled Tuesday 3|2 Blitz"]
[Site "Chess.com"]
[Date "2016.09.06"]
[Round "3"]
[White "igorkovalenko"]
[Black "nihalsarin"]
[Result "1-0"]
[WhiteElo "2601"]
[BlackElo "2395"]
[TimeControl "180+2"]
[EndTime "11:35:41 PDT"]
[Termination "igorkovalenko won by resignation"]

1. d4 Nf6 2. Nf3 e6 3. e3 b6 4. Bd3 Bb7 5. O-O g6 6. c4 Bg7 7.
Nc3 d5 8. b3 O-O 9. Ba3 Re8 10.
Rc1 Nbd7 11. cxd5 Nxd5 12. Nxd5 Bxd5 13. Bb5 a6 14. Bc6 Bxc6 15. Rxc6 e5 16. dxe5 Nxe5 17.
Nxe5 Bxe5 18. g3 Re6 19. Rxe6 fxe6 20. Qg4 Qd7 21. Rd1 Bd6 22. Bb2 Qf7 23. Qd4 e5 24.
Qe4 Rf8 25. Rd2 Qe6 26. Kg2 h5 27. h4 Kh7 28. Qd5 Qf5 29. Bc3 e4 30. Qxf5 gxf5 31. Rd5 Kg6 32. f3 Re8 33. Kf2 Bc5 34. Bd4 Bxd4 35.
Rxd4 exf3 36. Kxf3 Re6 37. a4 c5 38. Rd5 Kf6 39.
Rd8 Kg6 40. Rg8+ Kf6 41. Rg5 b5 42. axb5 axb5 43. Rxh5 Kg6 44. Rg5+ Kf6 45. Rg8 Rc6 46. h5 Ke5 47. Rb8 b4 48. Re8+ Kf6 49. Rg8 c4 50. h6 Rc7 51. bxc4 b3 52. Rb8 Kg6 53. Rxb3 Rxc4 54.
Rb6+ Kh7 55. Rf6 Rc5 56. Kf4 Rc3 57. Rxf5 Kxh6 58. e4 Kg6 59. g4 Rc1 60. Ke5 Rc5+ 61. Kd6 Rc2 62. e5 Rg2 63. e6 Rxg4 64. Rf2 Re4 65.
e7 Kg7 66. Kd7 Rd4+ 67. Ke8 Re4 68. Kd7 Rd4+ 69. Ke6 Re4+ 70. Kd6 Re1 71. Rf8 Rd1+ 72. Kc5 Rc1+ 73. Kd4 1-0

[Event "*** Titled Tuesday 3|2 Blitz"]
[Site "Chess.com"]
[Date "2016.09.06"]
[Round "3"]
[White "LuckyTiger"]
[Black "maciek_92"]
[Result "1-0"]
[WhiteElo "2573"]
[BlackElo "2518"]
[TimeControl "180+2"]
[EndTime "11:35:42 PDT"]
[Termination "LuckyTiger won by resignation"]

1. e4 c5 2. c3 Nf6 3. e5 Nd5 4. Nf3 Nc6 5. Bc4 Nb6 6. Bb3 d5 7. exd6 e6 8. d4 cxd4 9. cxd4 Bxd6 10. Nc3 O-O 11. O-O Nd5 12. Qe2 h6 13. Bd2 Re8 14.
Rad1 Bd7 15. Rfe1 Rc8 16. Bc2 Nf6 17. Bb1 Bf8 18. Bf4 Qa5 19. Ne5 Rcd8 20. Ne4 Nxe4 21.
Qxe4 f5 22. Qf3 Nxe5 23. Bxe5 Bc6 24. Qg3 Rd7 25. a3 Qd5 26. Bc2 Bb5 27. h4 a5 28.
Qg6 Rc8 29. Bb1 Re7 30. Rc1 Rxc1 31. Rxc1 Be8 32. Qg3 Bc6 33. Bd3 b5 34. Rc5 Qd7 35. a4 bxa4 36. Bc4 Re8 37. Rxa5 Rc8 38. Qg6 Bd5 39.
Bxd5 exd5 40. Kh2 Rc6 41. Qg3 Rc8 42. Qf3 Rd8 43. g3 Bb4 44. Ra6 Qb7 45. Rxa4 Rf8 46. Qb3 f4 47. Rxb4 fxg3+ 48. Bxg3 Qd7 49. Rb8 Rxb8 50.
Qxb8+ Kh7 51. Qe5 Qb5 52. Kg2 Qb3 53. h5 Kg8 54. Qf5 Qc4 55. Be5 Qb5 56. Qg4 Qb7 57.
b4 Kh7 58. b5 Qf7 59. Qg6+ Qxg6+ 60. hxg6+ 1-0

[Event "*** Titled Tuesday 3|2 Blitz"]
[Site "Chess.com"]
[Date "2016.09.06"]
[Round "3"]
[White "Lapitch"]
[Black "ilya261991"]
[Result "0-1"]
[WhiteElo "2536"]
[BlackElo "2463"]
[TimeControl "180+2"]
[EndTime "11:35:43 PDT"]
[Termination "ilya261991 won by resignation"]

1. Nf3 c5 2. e3 d5 3. b3 Nf6 4. Bb2 Nc6 5. g3 g6 6. c4 d4 7. exd4 cxd4 8. Bg2 Bg7 9. O-O O-O 10. Re1 Nd7 11.
d3 Nc5 12. Ba3 Qb6 13. Bxc5 Qxc5 14. a3 Qh5 15. Nbd2 a5 16. Rb1 Bg4 17. Qc2 Rac8 18.
b4 axb4 19. axb4 b5 20. c5 e5 21. Qb2 Rfe8 22. Rec1 Bh6 23. Ne4 Kg7 24. Nfd2 Rc7 25. Re1 Rb8 26. Nd6 Be6 27. Ra1 Qg5 28. Nf3 Qf6 29.
Ra6 Bd7 30. Nd2 Qg5 31. N2e4 Qd8 32. h4 f5 33. Nd2 f4 34. N2e4 fxg3 35. fxg3 Be3+ 36.
Rxe3 dxe3 37. Rxc6 Bxc6 38. Qxe5+ Kg8 39. Nf6+ Kf8 40.
Bxc6 Rxc6 41. Nxh7+ Kg8 42. Nf6+ Kf8 43. Qe6 Rxd6 44.
cxd6 Kg7 45. Ng4 e2 46. Qe5+ Kf8 47. Kf2 Qb6+ 48. d4 e1=Q+ 49. Qxe1 Qxd4+ 50. Kf3 Re8 51. Qc1 Qe4+ 52. Kf2 Qxg4 53. Qd2 Qf5+ 54. Kg2 Qe4+ 55. Kh3 Qe6+ 0-1

[Event "*** Titled Tuesday 3|2 Blitz"]
[Site "Chess.com"]
[Date "2016.09.06"]
[Round "3"]
[White "GremioPrudente"]
[Black "Kawhi_Leonard2"]
[Result "0-1"]
[WhiteElo "2027"]
[BlackElo "1995"]
[TimeControl "180+2"]
[EndTime "11:36:17 PDT"]
[Termination "Kawhi_Leonard2 won by checkmate"]

1. Nf3 Nf6 2. c4 c5 3. Nc3 d5 4. d4 e6 5. cxd5 exd5 6. g3 Nc6 7. Bg2 cxd4 8. Nxd4 Be7 9. O-O O-O 10.
Bg5 Re8 11. Rc1 h6 12. Bxf6 Bxf6 13. Nb3 d4 14. Ne4 Bf5 15. Nxf6+ Qxf6 16. Bxc6 bxc6 17. Qxd4 Rxe2 18. Qxf6 gxf6 19. Nd4 Re5 20. Nxf5 Rxf5 21. Rxc6 Rb8 22. b3 Ra5 23. Rc2 Rb6 24. Rd1 Rba6 25. Rdd2 Kg7 26. Kg2 Kg6 27. f4 f5 28. Kf3 h5 29. a4 Rb6 30. Rc3 Raa6 31. Rd5 Rb4 32. Rdc5 Rab6 33. Rc6+ f6 34. Rxb6 Rxb6 35. Ke3 a5 36.
Kd4 Rb4+ 37. Kc5 h4 38. Kd5 h3 39. Ke6 Re4+ 40. Kd5 Re2 41. Kc5 Rxh2 42. Kb5 Rg2 43. Rc1 Rxg3 44. b4 axb4 45. Kxb4 Kh5 46. a5 h2 47. Rh1 Rg2 48. a6 Kg4 49. Kb5 Kxf4 50. a7 Ra2 51. Kb6 Kg3 52. Kb7 Rxa7+ 53. Kxa7 Kg2 54.
Ra1 h1=Q 55. Rxh1 Kxh1 56. Kb6 f4 57. Kc5 f3 58. Kd4 f2 59. Ke3 f1=Q 60. Kd4 Qe2 61. Kc5 f5 62. Kd6 f4 63. Kc6 f3 64. Kb6 f2 65. Kc7 f1=Q 66. Kd6 Qfd1+ 67. Kc5 Qec2+ 68. Kb6 Qdb1+ 69. Ka6 Qca2# 0-1

[Event "*** Titled Tuesday 3|2 Blitz"]
[Site "Chess.com"]
[Date "2016.09.06"]
[Round "3"]
[White "DeviatkinAndrey"]
[Black "Aygehovit1992"]
[Result "1/2-1/2"]
[WhiteElo "2597"]
[BlackElo "2409"]
[TimeControl "180+2"]
[EndTime "11:36:37 PDT"]
[Termination "Game drawn by repetition"]

1. e4 c5 2. c3 g6 3. d4 cxd4 4.
cxd4 d5 5. e5 Bg7 6. Be3 a6 7.
Qd2 Nc6 8. Nc3 f6 9. f4 Nh6 10. Nf3 Bg4 11. Be2 O-O 12. O-O Nf5 13. Bf2 fxe5 14. Nxe5 Nxe5 15. fxe5 Bxe2 16. Qxe2 e6 17. Rac1 Rc8 18. Rc2 Rc4 19. Rd1 Qc7 20. g4 Ne7 21. Be3 b5 22. a3 Rc8 23. Qd3 Nc6 24. Rf2 Rf8 25. Rxf8+ Bxf8 26. Ne2 b4 27. b3 Nxe5 28. dxe5 Rxg4+ 29. Ng3 bxa3 30. Qxa6 Qxe5 31. Bf2 h5 32. Re1 Qf6 33. Rxe6 Qf7 34. h3 Rf4 35. Re2 h4 36.
Nf1 Qf5 37. Nh2 Rxf2 38. Rxf2 Bc5 39. Ng4 Bxf2+ 40. Nxf2 Qb1+ 41. Kg2 a2 42. Qc8+ Kf7 43. Qd7+ Kg8 44. Qe8+ Kg7 45. Qe7+ Kg8 46. Qe6+ Kg7 47. Qe5+ Kf7 48. Qxd5+ Ke7 49. Qe5+ Kd7 50. Qb5+ Kd6 51. Qb4+ Kd7 52. Qd4+ Kc6 53. Qc4+ Kd7 54. Qd5+ Kc7 55. Qe5+ Kb6 56. Qd4+ Kc6 57. Qc4+ Kd7 58. Qd5+ Ke7 59. Qe5+ Kd7 60. Qd5+ Kc7 61. Qc5+ Kd7 62. Qd4+ Kc6 63. Qc4+ Kd6 64. Qd4+ Ke6 65. Qc4+ Kd6 66. Qd4+ Kc6 67. Qc4+ Kb6 68. Qb4+ Kc6 69. Qc4+ 1/2-1/2

[Event "*** Titled Tuesday 3|2 Blitz"]
[Site "Chess.com"]
[Date "2016.09.06"]
[Round "3"]
[White "saraswathii"]
[Black "IamSchrodingersCat"]
[Result "1/2-1/2"]
[WhiteElo "2096"]
[BlackElo "2264"]
[TimeControl "180+2"]
[EndTime "11:36:37 PDT"]
[Termination "Game drawn - insufficient material"]

1. e4 c5 2. Nf3 d6 3. d3 Nf6 4. g3 g6 5. Bg2 Bg7 6. O-O O-O 7. c3 Nc6 8. Re1 Bd7 9. d4 cxd4 10. cxd4 Rc8 11. Nc3 a6 12. e5 Ne8 13. Bf4 dxe5 14. Nxe5 Nd6 15. Nd5 Re8 16. Nxd7 Qxd7 17. Nb6 Qf5 18. Nxc8 Rxc8 19. Bxc6 bxc6 20. Rxe7 Nb5 21. Be3 Bf6 22. Rb7 Rd8 23. Qb3 Bxd4 24. Rd1 c5 25. a4 Qf3 26. Rb6 c4 27. Qc2 Bxb6 28. Rxd8+ Bxd8 29. axb5 axb5 30. Qd2 Bf6 31. Qd6 Qf5 32. Bh6 Qb1+ 33. Kg2 Qe4+ 34. Kg1 Qb1+ 35. Kg2 Qe4+ 36. Kg1 Qe7 37. Qb8+ Qd8 38. Qxb5 c3 39.
bxc3 Bxc3 40. Qc6 Bg7 41. Bf4 h5 42. Kg2 Qe7 43. Qa8+ Kh7 44. Qf3 Qe6 45. Be3 Qc4 46. h3 f5 47. Qf4 Qd5+ 48. Qf3 Qc4 49. Qb7 Qc3 50. Qf3 Qe5 51. g4 fxg4 52. hxg4 hxg4 53.
Qxg4 Qf6 54. Bg5 Qc6+ 55. Qf3 Qc5 56. Qh3+ Kg8 57. Qe6+ Kh7 58. Be7 Qh5 59. Qh3 Kh6 60.
Qxh5+ Kxh5 61. Kg3 Be5+ 62. f4 Bc7 63. Bg5 Bd6 64. Kf3 Bc7 65. Kg3 Bb8 66. Bd8 Bd6 67. Kf3 Bc5 68. Bg5 Bg1 69. Ke4 Kg4 70. Ke5 Bh2 71.
Kf6 Kh5 72. f5 gxf5 73. Kxf5 1/2-1/2

[Event "*** Titled Tuesday 3|2 Blitz"]
[Site "Chess.com"]
[Date "2016.09.06"]
[Round "3"]
[White "mwpchess"]
[Black "semiks"]
[Result "0-1"]
[WhiteElo "2442"]
[BlackElo "2514"]
[TimeControl "180+2"]
[EndTime "11:36:39 PDT"]
[Termination "semiks won on time"]

1. e4 d5 2. exd5 Qxd5 3. Nc3 Qa5 4. d4 Nf6 5. Nf3 Bg4 6. Bd2 Qb6 7. h3 Bxf3 8. Qxf3 Nc6 9. Bb5 O-O-O 10. Bxc6 Qxc6 11.
Qxc6 bxc6 12. Ne2 e6 13. c3 c5 14. Bg5 Be7 15. O-O-O cxd4 16. Rxd4 h6 17. Be3 Nd5 18.
Rhd1 Kb7 19. Rg4 g5 20. Bd4 Rhe8 21. Rg3 c5 22. Be3 f5 23. Bd2 f4 24. Rd3 c4 25. Rd4 Bc5 26. Rxc4 Bxf2 27. Nd4 e5 28. Nf5 e4 29. Be1 Ne3 30. Rb4+ Ka8 31. Nxe3 Bxe3+ 32. Kc2 Rxd1 33. Kxd1 f3 34. gxf3 exf3 35. h4 f2 36. Bxf2 Bxf2 37. hxg5 hxg5 38. Rg4 Be3 39. Ke2 Bf4+ 40. Kf2 Rd8 41. Kf3 Rd2 42. Rg1 Rxb2 43. Ke4 Rxa2 44. c4 Rd2 45. Rb1 a6 46. c5 Rc2 47.
Kd5 Ka7 48. Rb3 g4 49. Rb4 Rf2 50. Kc6 g3 51. Rb7+ Ka8 52. Rg7 g2 53. Kb6 Rb2+ 54. Kxa6 Bb8 55. Rg8 Rc2 56. Kb6 Rb2+ 57. Ka6 Ra2+ 58.
Kb6 Rb2+ 59. Ka6 Rc2 60. Kb6 Rf2 61. c6 Rb2+ 62. Ka6 Rc2 63. Kb6 Rb2+ 64. Ka6 Rc2 65. Kb6 g1=Q+ 66. Rxg1 Ba7+ 67. Kc7 Bxg1 68. Kd7 Bh2 0-1

[Event "*** Titled Tuesday 3|2 Blitz"]
[Site "Chess.com"]
[Date "2016.09.06"]
[Round "3"]
[White "ChessWarrior7197"]
[Black "kleinebeer98"]
[Result "1-0"]
[WhiteElo "2485"]
[BlackElo "2505"]
[TimeControl "180+2"]
[EndTime "11:36:40 PDT"]
[Termination "ChessWarrior7197 won by checkmate"]

1. e4 e5 2. Nf3 Nc6 3. Bb5 f5 4. Bxc6 dxc6 5. Nc3 Nf6 6. Qe2 Bd6 7. d3 fxe4 8. Nxe4 Nxe4 9. dxe4 O-O 10. h3 Kh8 11.
Be3 Qe8 12. Nd2 Be6 13. f3 b5 14.
Qf2 a5 15. O-O a4 16. a3 Qg6 17. Kh2 Rad8 18. Rad1 h6 19. Nb1 Bc4 20. Rfe1 Rf7 21. Nc3 Rdf8 22. Ne2 Qxe4 23. fxe4 Rxf2 24. Bxf2 Rxf2 25.
Rd2 Bc5 26. Kg3 Be3 27. Rd8+ Kh7 28. Nc1 Bb6 29. Red1 Rxc2 30. R8d2 Rxd2 31. Rxd2 Be3 32. Rc2 c5 33. Kf3 Bg5 34. g3 h5 35. h4 Bh6 36.
Ne2 Kg6 37. Nc3 c6 38. Ne2 Kf6 39. Nc3 Be6 40. Nb1 c4 41. Nc3 Bg4+ 42. Kg2 Ke6 43. Rf2 g6 44. Kf1 Bg7 45. Ke1 Ke7 46. Na2 Bh6 47. Nb4 Bd7 48. Kd1 g5 49. Kc2 gxh4 50.
gxh4 Bf4 51. Rg2 Kf7 52. Rg1 Be8 53. Kc3 Ke6 54. Rg8 Kf7 55. Rh8 Ke7 56. Rh7+ Kd6 57. Rg7 Be3 58. Na6 Bf2 59. Kc2 Bxh4 60. Nc7 Bd7 61. Na8 Bf6 62. Rg6 Ke7 63. Nb6 Be6 64.
Rh6 h4 65. Rh7+ Kd6 66. Rh6 h3 67. Rxf6 h2 68. Rh6 Kc7 69. Na8+ Kb7 70. Rxh2 Kxa8 71. Rh5 Kb8 72. Rxe5 Bd7 73. Kc3 Kc7 74. Kd4 Kd6 75. Rh5 Be6 76. e5+ Kc7 77. Kc5 Bd5 78. Rh7+ Kb8 79. Kd6 b4 80. axb4 c3 81. bxc3 a3 82. e6 a2 83. e7 a1=Q 84. e8=Q# 1-0